[Event "*** Titled Tuesday Blitz"]
[Site "Chess.com"]
[Date "2020.11.24"]
[Round "2"]
[White "EvgenyRomanov"]
[Black "penguingm1"]
[Result "1-0"]
[WhiteElo "2601"]
[BlackElo "2975"]
[TimeControl "180+1"]
[EndTime "10:33:11 PST"]
[Termination "EvgenyRomanov won by resignation"]

1. d4 d5 2. Nf3 Nf6 3. Bg5 e6 4. Nbd2 Be7 5. e3 O-O 6. Bd3 b6 7. Ne5 Bb7 8. Qf3 Nbd7 9. Qh3 Nxe5 10. dxe5 Ne4 11. Bxe7 Qxe7 12. f3 Ng5 13. Qg3 f5 14. exf6 Qxf6 15. Qxc7 Qxb2 16. Rb1 Qxa2 17. Qxb7 Qa5 18.
Qc6 Rac8 19. Qb5 Qc3 20. Qb4 Qe5 21. Qd4 Qd6 22. f4 Nf7 23. O-O Nd8 24. Nc4 Qe7 25. Ne5 Nb7 26. c4 Rfd8 27. cxd5 Nc5 28. Bc4 Rd6 29. e4 g6 30. Qe3 Rcd8 31. dxe6 Rd4 32.
Bd5 Ra4 33. Ra1 Rb4 34. Qf3 a5 35. Nc6 Qf6 36. e7+ 1-0

[Event "*** Titled Tuesday Blitz"]
[Site "Chess.com"]
[Date "2020.11.24"]
[Round "2"]
[White "FMJoseHerrera"]
[Black "PattyCastillo"]
[Result "1-0"]
[WhiteElo "2591"]
[BlackElo "2052"]
[TimeControl "180+1"]
[EndTime "10:33:11 PST"]
[Termination "FMJoseHerrera won by resignation"]

1. Nf3 d5 2. g3 Nf6 3. Bg2 c6 4. d3 e6 5. c3 Nbd7 6. Qb3 Bd6 7. O-O O-O 8. a3 e5 9. Qc2 Qe7 10. b4 b6 11. Bb2 Bb7 12. c4 Rac8 13. e3 Rfe8 14. Nbd2 c5 15. b5 d4 16. exd4 exd4 17. Rfe1 Qd8 18. a4 Qc7 19. a5 Ng4 20. axb6 axb6 21.
Ra7 Qb8 22. Rxe8+ Rxe8 23. Rxb7 Qxb7 24. Ne5 Qc8 25. Nxg4 Re1+ 26. Nf1 Ne5 27. Nxe5 Bxe5 28. Bc1 Bf6 29. Bd2 Ra1 30. Bf4 h5 31. Qe2 g6 32. Qf3 Bg7 33. Qc6 Qf5 34. Qe4 Qg4 35.
h3 Qd1 36. Kh2 h4 37. gxh4 Ra3 38. h5 gxh5 39. Qe8+ Kh7 40. Qxf7 Rxd3 41. Be4+ Kh8 42. Qe8+ 1-0

[Event "*** Titled Tuesday Blitz"]
[Site "Chess.com"]
[Date "2020.11.24"]
[Round "2"]
[White "Chopper1905"]
[Black "elohunter1999"]
[Result "1-0"]
[WhiteElo "2975"]
[BlackElo "2575"]
[TimeControl "180+1"]
[EndTime "10:33:12 PST"]
[Termination "Chopper1905 won by resignation"]

1. e4 c5 2. Nf3 g6 3. d4 cxd4 4. Qxd4 Nf6 5. Nc3 Nc6 6. Qa4 d6 7. e5 dxe5 8. Nxe5 Bg7 9. Bb5 O-O 10. Nxc6 bxc6 11. Bxc6 Bd7 12. O-O Bxc6 13. Qxc6 Rc8 14. Qa6 Qc7 15. h3 Rb8 16. Rb1 Nd7 17. Nd5 Qc5 18.
c4 Nb6 19. Qxa7 Bd4 20. Bh6 Rfe8 21. b3 e6 22. Nxb6 Rxb6 23. Rbd1 e5 24. Qd7 Rbe6 25. Kh1 R8e7 26. Qb5 Qa3 27. f4 Re8 28. f5 gxf5 29. Rxf5 Rxh6 30. Qxe8+ Kg7 31. Qxf7+ 1-0

[Event "*** Titled Tuesday Blitz"]
[Site "Chess.com"]
[Date "2020.11.24"]
[Round "2"]
[White "Meri-Arabidze"]
[Black "SameerMujumdar"]
[Result "1-0"]
[WhiteElo "2619"]
[BlackElo "2301"]
[TimeControl "180+1"]
[EndTime "10:33:12 PST"]
[Termination "Meri-Arabidze won by resignation"]

1. Nf3 Nf6 2. b3 d6 3. Bb2 Nbd7 4. c4 g6 5. g3 Bg7 6. Bg2 O-O 7. O-O e5 8. Nc3 Nc5 9. d3 Bg4 10. h3 Be6 11.
Ng5 Bd7 12. b4 Ne6 13. Nxe6 Bxe6 14. b5 c6 15. bxc6 bxc6 16. Qa4 d5 17. Ba3 Re8 18. Rfd1 Rc8 19. Rac1 d4 20. Nb1 Qd7 21. Kh2 h5 22. Nd2 h4 23. g4 Bh6 24. Rb1 Bf4+ 25. Kg1 Nxg4 26. hxg4 Bxg4 27. Ne4 Kg7 28. Nd6 Rh8 29. Rb7 Rc7 30. Rdb1 h3 31. Rxc7 Qxc7 32. Rb7 Rb8 33. Qxc6 Rxb7 34. Nxb7 Qb8 35. Bd5 h2+ 36. Kh1 Qh8 37.
Be7 Qh3 38. Qf6+ 1-0

[Event "*** Titled Tuesday Blitz"]
[Site "Chess.com"]
[Date "2020.11.24"]
[Round "2"]
[White "Legendinunknown"]
[Black "VinzentSpitzl"]
[Result "1-0"]
[WhiteElo "2681"]
[BlackElo "2364"]
[TimeControl "180+1"]
[EndTime "10:33:12 PST"]
[Termination "Legendinunknown won by resignation"]

1. d4 d5 2. c4 e6 3. Nc3 Bb4 4. Nf3 Nf6 5. Qa4+ Nc6 6. Ne5 Bd7 7. Nxd7 Nxd7 8. e3 Nb6 9. Qb3 Nxc4 10. Bxc4 dxc4 11.
Qxc4 O-O 12. Bd2 Bxc3 13. bxc3 Qd5 14. Qxd5 exd5 15. Ke2 Na5 16. f3 f5 17. Kd3 Nc4 18. Rab1 b6 19. Rhe1 Rfe8 20. Bc1 c6 21. e4 fxe4+ 22. fxe4 Rf8 23. Be3 Nxe3 24. Rxe3 dxe4+ 25. Rxe4 Rf2 26. Re7 Rxa2 27. Rc7 Rxg2 28. Rxc6 Rxh2 29. Rc7 a5 30. Rxb6 a4 31. Rbb7 Rg2 32. Ra7 Rxa7 33. Rxa7 h5 34. d5 h4 35. d6 Rg1 36. Ke2 Rg2+ 37.
Ke3 Kf8 38. Ra8+ Kf7 39. d7 Rg3+ 40. Ke4 Rg4+ 41. Kf5 Rc4 42. d8=Q g6+ 43. Ke5 1-0

[Event "*** Titled Tuesday Blitz"]
[Site "Chess.com"]
[Date "2020.11.24"]
[Round "2"]
[White "Vladislav_Chizhikov"]
[Black "Teidi96"]
[Result "1-0"]
[WhiteElo "2516"]
[BlackElo "2293"]
[TimeControl "180+1"]
[EndTime "10:33:13 PST"]
[Termination "Vladislav_Chizhikov won on time"]

1. e4 c5 2. Nf3 e6 3. b3 Nf6 4. e5 Nd5 5. Bb2 d6 6. c4 Nc7 7.
exd6 Qxd6 8. d4 cxd4 9. Qxd4 Qxd4 10. Nxd4 Bd7 11. Nc3 a6 12. O-O-O Nc6 13. Ne4 Nxd4 14.
Rxd4 O-O-O 15. Nd6+ Bxd6 16. Rxd6 f6 17. h4 e5 18. h5 h6 19. Rh4 Bf5 20. Rxd8+ Rxd8 21. Be2 Ne6 22. Bg4 Bxg4 23. Rxg4 Rd7 24. g3 Kc7 25. Ba3 Kc6 26. Re4 Ng5 27. Re3 Rd4 28. Bb2 Rd7 29.
f4 exf4 30. gxf4 Nf7 31. Ba3 Nd6 32. Re6 Kc7 33. Bc5 b5 34. Kb2 bxc4 35. Bxd6+ Rxd6 36. Rxd6 Kxd6 37. bxc4 Ke6 38. Kc3 f5 39. c5 1-0

[Event "*** Titled Tuesday Blitz"]
[Site "Chess.com"]
[Date "2020.11.24"]
[Round "2"]
[White "OK97"]
[Black "Grandmaster2B"]
[Result "1-0"]
[WhiteElo "2769"]
[BlackElo "2500"]
[TimeControl "180+1"]
[EndTime "10:33:14 PST"]
[Termination "OK97 won on time"]

1. d4 Nf6 2. Bg5 d5 3. Bxf6 exf6 4. e3 Bf5 5. c4 c6 6. Nc3 Be7 7. cxd5 cxd5 8. Qb3 Be6 9. Qxb7 Nd7 10. Qb3 Rb8 11. Qc2 O-O 12. Bd3 g6 13. Nge2 Qb6 14.
Rb1 Rfc8 15. O-O Qa5 16. Rfc1 Nb6 17. Qd1 Nc4 18. Bxc4 Rxc4 19. Nf4 Rcb4 20. b3 R4b7 21. Na4 Bf5 22. Ra1 Ba3 23. Nc5 Rb5 24. Nxd5 Bxc1 25. Rxc1 Qd8 26. Nc3 R5b6 27. h3 Rc8 28. N3a4 Rd6 29.
b4 Qe8 30. Nc3 Rb8 31. a3 Be6 32. Qf3 Kg7 33. N3e4 Rdd8 34. Qxf6+ Kg8 35. Qf4 Qc6 36. Qe5 Rd5 37. Nf6+ Kf8 38. Nxd5 Qxd5 39. Qxb8+ 1-0

[Event "*** Titled Tuesday Blitz"]
[Site "Chess.com"]
[Date "2020.11.24"]
[Round "2"]
[White "Mazetovic"]
[Black "Das_Virus_2020"]
[Result "1-0"]
[WhiteElo "2765"]
[BlackElo "2497"]
[TimeControl "180+1"]
[EndTime "10:33:14 PST"]
[Termination "Mazetovic won on time"]

1. e4 e6 2. Nf3 d5 3. e5 Bd7 4.
d4 c5 5. c3 Nc6 6. Be2 Qb6 7. O-O cxd4 8. cxd4 Nh6 9. Bxh6 gxh6 10. Nc3 a6 11. Qd2 Bg7 12. Na4 Qb4 13. Qxb4 Nxb4 14.
Nb6 Rd8 15. a3 Nc6 16. Rfc1 Ke7 17. Rc3 f6 18. exf6+ Bxf6 19. Rd1 Be8 20. Re3 Kd6 21. Na4 Bd7 22. Nc5 Bc8 23. b4 Rhe8 24. g3 Re7 25. Bf1 Rf8 26. Bh3 Rfe8 27. Kg2 b6 28. Nb3 Rc7 29.
Rde1 Ree7 30. Ne5 Bxe5 31. dxe5+ Kd7 32. Rd1 Ke8 33. f4 Bb7 34. Nd4 Nxd4 35. Rxd4 Rc2+ 36. Kg1 Kf7 37. f5 Rec7 38. fxe6+ Ke7 39. Rf3 Rc1+ 40. Kg2 R1c2+ 41. Rf2 Rxf2+ 42. Kxf2 Rc2+ 43. Ke3 Rc3+ 44. Kd2 Rxa3 45. Rh4 Ra2+ 46. Kc3 d4+ 47. Kxd4 1-0

[Event "*** Titled Tuesday Blitz"]
[Site "Chess.com"]
[Date "2020.11.24"]
[Round "2"]
[White "Salem-AR"]
[Black "Lion-Al-Messi"]
[Result "1-0"]
[WhiteElo "2912"]
[BlackElo "2555"]
[TimeControl "180+1"]
[EndTime "10:33:15 PST"]
[Termination "Salem-AR won by checkmate"]

1. d4 b6 2. e4 Bb7 3. Bd3 e6 4. Nf3 c5 5. c3 Nf6 6. Nbd2 Be7 7. O-O cxd4 8. cxd4 O-O 9. Re1 d6 10.
Nf1 Nbd7 11. Ng3 Re8 12. h3 g6 13. Bg5 Rc8 14. Qd2 Rc7 15. Rad1 Qa8 16. Qf4 e5 17.
Qh4 exd4 18. Nxd4 Rc5 19. b4 Rc3 20. Bb5 Qd8 21. Ndf5 gxf5 22. Nxf5 Bc6 23. e5 dxe5 24. Bxf6 Bxf6 25. Qg4+ Kf8 26. Bxc6 Rxc6 27. Nh6 Re7 28. Qg8# 1-0

[Event "*** Titled Tuesday Blitz"]
[Site "Chess.com"]
[Date "2020.11.24"]
[Round "2"]
[White "hermionegrangermagic"]
[Black "DanielNaroditsky"]
[Result "0-1"]
[WhiteElo "2584"]
[BlackElo "3027"]
[TimeControl "180+1"]
[EndTime "10:33:16 PST"]
[Termination "DanielNaroditsky won by resignation"]

1. e4 c5 2. Nf3 d6 3. d4 cxd4 4.
Nxd4 Nf6 5. Nc3 Nc6 6. Bg5 e6 7. Qd2 a6 8. O-O-O Be7 9. f3 Bd7 10. h4 Qc7 11. h5 h6 12. Be3 b5 13. Kb1 b4 14. Nce2 d5 15. Nxc6 Bxc6 16. e5 Nd7 17. f4 a5 18. Nd4 Nc5 19. f5 Ne4 20. Qe1 Bd7 21. fxe6 fxe6 22. Bd3 Qxe5 23. Nf3 Qc7 24. Bd4 O-O 25. Bxe4 dxe4 26. Qxe4 Rac8 27. Ne5 Bc6 28.
Nxc6 Qxc6 29. Qg6 Bf6 30. Rhe1 a4 31. Qe4 Bxd4 32. Rxd4 Qxe4 33. Rdxe4 Rf2 34. Rxb4 Rcxc2 35. Rxe6 Rxg2 36. Re1 Rcf2 37. Rb5 a3 38. bxa3 Rxa2 39.
Rb3 Kh7 40. Rh1 Rae2 41. Rb5 Rg4 42. Ra5 Rg3 43. a4 Rb3+ 44. Kc1 Ra3 45. Kb1 Raa2 46.
Ra6 Reb2+ 47. Kc1 Rb4 48. a5 Ra1+ 49. Kc2 Rxh1 0-1

[Event "*** Titled Tuesday Blitz"]
[Site "Chess.com"]
[Date "2020.11.24"]
[Round "2"]
[White "akanga001"]
[Black "MattyDPerrine"]
[Result "0-1"]
[WhiteElo "1947"]
[BlackElo "2369"]
[TimeControl "180+1"]
[EndTime "10:33:16 PST"]
[Termination "MattyDPerrine won on time"]

1. d4 Nf6 2. c4 c5 3. d5 b5 4.
cxb5 a6 5. e3 axb5 6. Bxb5 Qa5+ 7. Nc3 Bb7 8. a4 Nxd5 9. Bd2 Nf6 10. Nf3 e6 11. O-O Qb6 12. Ne5 Nc6 13. Nc4 Qc7 14. e4 Be7 15. f4 O-O 16. e5 Nd5 17. Ne4 Nd4 18. Qg4 f5 19. exf6 Nxf6 20. Nxf6+ Bxf6 21. Bc3 d5 22. Ne5 Nf5 23. Bd7 Qd6 24. Bb5 Rad8 25. Rad1 d4 26. Bd2 Bxe5 27. fxe5 Qxe5 28. Bg5 Ne3 29.
Bxe3 Qxe3+ 0-1

[Event "*** Titled Tuesday Blitz"]
[Site "Chess.com"]
[Date "2020.11.24"]
[Round "2"]
[White "xberli"]
[Black "joppie2"]
[Result "0-1"]
[WhiteElo "2570"]
[BlackElo "2963"]
[TimeControl "180+1"]
[EndTime "10:33:17 PST"]
[Termination "joppie2 won by resignation"]

1. d4 d5 2. c4 e6 3. Nf3 Nf6 4. g3 Bb4+ 5. Nbd2 O-O 6. Bg2 b6 7. O-O Bb7 8. Qc2 a5 9. a3 Be7 10. b3 c5 11. dxc5 bxc5 12. e3 Nc6 13. Bb2 Qb6 14. Ne5 Rfd8 15. Rfd1 Rab8 16. Rab1 d4 17. Nxc6 Bxc6 18. Bxc6 Qxc6 19. exd4 cxd4 20. Qd3 e5 21. Re1 Nd7 22. Qf5 f6 23. Bxd4 Bxa3 24. Bc3 Bb4 25. Ne4 Nc5 26. Bxb4 Rxb4 27. Nxc5 Qxc5 28.
Red1 Rbb8 29. h4 Rd4 30. h5 h6 31. Qe6+ Kh7 32. Rxd4 exd4 33. Qe4+ Kh8 34. Rd1 Rd8 35. Qg6 Qe5 36. Kg2 f5 37. Kf1 d3 38. Re1 Qb8 39.
Qxf5 d2 40. Rd1 Qxb3 41. Qg4 a4 42. c5 a3 43. c6 Qb5+ 44. Kg1 Qxc6 45. Qb4 a2 46.
Qb2 Qa4 47. Qa1 Qxd1+ 0-1

[Event "*** Titled Tuesday Blitz"]
[Site "Chess.com"]
[Date "2020.11.24"]
[Round "2"]
[White "StockholmMissile"]
[Black "German_Bazeev"]
[Result "0-1"]
[WhiteElo "2371"]
[BlackElo "2674"]
[TimeControl "180+1"]
[EndTime "10:33:17 PST"]
[Termination "German_Bazeev won by resignation"]

1. c4 e5 2. Nc3 d6 3. Nf3 f5 4. g3 Nf6 5. Bg2 Be7 6. O-O O-O 7. d4 e4 8. Ne1 c5 9. Nc2 Nc6 10. b3 Kh8 11. Bb2 Qe8 12. Qd2 Qh5 13. Rad1 f4 14. Nxe4 Nxe4 15. Bxe4 Bh3 16. Rfe1 Bg5 17. Qd3 Rae8 18.
dxc5 dxc5 19. Bf3 Qh6 20. Qd5 Bf5 21. Na3 Be7 22. Qd2 Bg6 23. Bc1 Nd4 24. Bg2 Bh5 25. gxf4 Bh4 26. e3 Nf3+ 27. Bxf3 Bxf3 28. Qd6 Rf6 29.
Qd3 Qh5 30. h3 Rg6+ 31. Kf1 Bg2+ 32. Kg1 Be4+ 0-1

[Event "*** Titled Tuesday Blitz"]
[Site "Chess.com"]
[Date "2020.11.24"]
[Round "2"]
[White "esteban062000"]
[Black "KetiGrant"]
[Result "1-0"]
[WhiteElo "2219"]
[BlackElo "2414"]
[TimeControl "180+1"]
[EndTime "10:33:17 PST"]
[Termination "esteban062000 won on time"]

1. Nf3 Nf6 2. c4 g6 3. b4 Bg7 4. Bb2 O-O 5. g3 d5 6. cxd5 Nxd5 7. Bxg7 Kxg7 8. Qb3 Be6 9. Qb2+ Kg8 10. Bg2 a5 11. b5 Nd7 12. O-O N7f6 13. Nc3 Qd6 14. Ng5 Bd7 15.
Nge4 Nxe4 16. Nxe4 Qb6 17. Rab1 a4 18. Qe5 e6 19.
Qg5 f6 20. Qh6 Ra5 21. h4 Rxb5 22. Rxb5 Qxb5 23. h5 Be8 24. hxg6 Bxg6 25. d3 Qb2 26. Bh3 Qe5 27. f4 Qd4+ 28. Kh1 Bxe4+ 29. dxe4 Qxe4+ 30. Kg1 Qe3+ 31. Rf2 Rd8 32. Qh4 Nc3 33. Qg4+ Kh8 34.
Qxe6 1-0

[Event "*** Titled Tuesday Blitz"]
[Site "Chess.com"]
[Date "2020.11.24"]
[Round "2"]
[White "Simon_1986"]
[Black "PavelShkapenko"]
[Result "0-1"]
[WhiteElo "2458"]
[BlackElo "2693"]
[TimeControl "180+1"]
[EndTime "10:33:18 PST"]
[Termination "PavelShkapenko won on time"]

1. c4 Nf6 2. Nc3 e6 3. g3 d5 4. cxd5 exd5 5. d4 c5 6. Nf3 Nc6 7. Bg2 Bg4 8. Ne5 cxd4 9. Nxc6 bxc6 10. Qxd4 Be7 11. O-O O-O 12. Bg5 Be6 13. Rfd1 h6 14. Bf4 Qa5 15. Rac1 c5 16. Qa4 Qxa4 17. Nxa4 Rac8 18.
Be5 Nd7 19. Bf4 d4 20. Bb7 Rcd8 21. Bc7 Rde8 22. b3 f6 23. e3 dxe3 24. fxe3 c4 25. Bc6 Ba3 26. Rb1 Re7 27. bxc4 Ne5 28. Bxe5 fxe5 29. Rb3 Rc7 30. Bd5 Bxd5 31. cxd5 Bd6 32. Rd2 Rfc8 33. Kg2 Rc2 34. Rb2 R2c4 35. Rbc2 Rxc2 0-1

[Event "*** Titled Tuesday Blitz"]
[Site "Chess.com"]
[Date "2020.11.24"]
[Round "2"]
[White "tdf98pantani"]
[Black "Nara_Kh"]
[Result "1-0"]
[WhiteElo "2718"]
[BlackElo "2383"]
[TimeControl "180+1"]
[EndTime "10:33:18 PST"]
[Termination "tdf98pantani won by resignation"]

1. e4 c5 2. Nf3 d6 3. Bb5+ Nd7 4. c4 e5 5. Nc3 Be7 6. d3 Nf6 7. g3 O-O 8. Bxd7 Bxd7 9. Nh4 g6 10. Bh6 Re8 11. h3 Nh5 12. Ng2 Bg5 13. Bxg5 Qxg5 14. Nd5 Rac8 15. g4 Nf4 16. Ngxf4 exf4 17. Qd2 Qe5 18. O-O-O g5 19. h4 f6 20. hxg5 fxg5 21. Rh6 Re6 22. Rxe6 Qxe6 23. Qc3 Kf7 24. Rh1 Qg6 25.
Qa5 Bc6 26. Qxa7 Re8 27. f3 Kg7 28. Qb6 Qf7 29. Qb3 Re5 30. Qc3 Kg8 31. b3 Kg7 32. d4 cxd4 33. Qxd4 Bxd5 34. cxd5 Qc7+ 35. Kb2 Qa5 36. Rc1 Qa6 37. Qc4 Qa7 38. Qc7+ Kg8 39.
Qd8+ Kf7 40. Rc7+ Kg6 41. Qg8+ 1-0

[Event "*** Titled Tuesday Blitz"]
[Site "Chess.com"]
[Date "2020.11.24"]
[Round "2"]
[White "chessdjw"]
[Black "Vi_Los"]
[Result "1-0"]
[WhiteElo "2663"]
[BlackElo "2352"]
[TimeControl "180+1"]
[EndTime "10:33:18 PST"]
[Termination "chessdjw won by resignation"]

1. e4 e5 2. Nf3 Nc6 3. Bb5 a6 4. Ba4 Nf6 5. d3 b5 6. Bb3 Bc5 7. a4 Rb8 8. axb5 axb5 9. Nc3 d6 10. Nd5 h6 11. c3 O-O 12. Nxf6+ Qxf6 13. Rg1 Bg4 14.
h3 Bxf3 15. Qxf3 Qxf3 16. gxf3 Kh7 17. f4 f5 18. exf5 exf4 19. d4 Rbe8+ 20. Kf1 Bb6 21. Bc2 Rf6 22. Bxf4 b4 23. Ba4 Re4 24. Be3 Na5 25.
Bc2 Re7 26. Bd3 bxc3 27. bxc3 Nc6 28. Rg6 Ref7 29. Ra8 Rf8 30. Rxf8 Rxf8 31. f6 gxf6 32. Rxf6+ Kg7 33. Rg6+ Kf7 34. Bxh6 Re8 35. h4 Ne7 36. Rg7+ Ke6 37. h5 c5 38. Be3 cxd4 39. cxd4 Rh8 40. h6 Nd5 41. Bc4 1-0

[Event "*** Titled Tuesday Blitz"]
[Site "Chess.com"]
[Date "2020.11.24"]
[Round "2"]
[White "DishonorOnYourCow"]
[Black "beto-betun"]
[Result "1-0"]
[WhiteElo "2440"]
[BlackElo "2196"]
[TimeControl "180+1"]
[EndTime "10:33:18 PST"]
[Termination "DishonorOnYourCow won by resignation"]

1. d4 Nf6 2. c4 g6 3. Nc3 Bg7 4. e4 d6 5. f4 O-O 6. Nf3 c5 7. d5 e6 8. dxe6 Bxe6 9. Bd3 Nc6 10.
f5 Bc8 11. O-O Ne5 12. Nxe5 dxe5 13. Nd5 Nxd5 14. exd5 Qh4 15. Qe2 Bd7 16. Be4 Rab8 17. g3 Qe7 18. Qf2 Qf6 19. g4 g5 20. Qxc5 Rfe8 21.
Qf2 h6 22. Be3 b6 23. Rac1 Bf8 24. a3 Rbc8 25. b4 Kg7 26. c5 Bb5 27. Rfd1 bxc5 28.
bxc5 Red8 29. d6 a6 30. Qa2 Kh7 31. a4 Bc6 32. Bxc6 Rxc6 33. Qd5 Rcc8 34. d7 e4 35. dxc8=Q Rxc8 36. c6 a5 37. Bd4 Qe7 38. f6 Qe6 39.
Qxe6 fxe6 40. c7 Kg6 41. Be5 Kf7 42. Rd8 Kg6 43. Rxc8 Bc5+ 44. Rxc5 1-0

[Event "*** Titled Tuesday Blitz"]
[Site "Chess.com"]
[Date "2020.11.24"]
[Round "2"]
[White "zmeeed67"]
[Black "Nachsueb"]
[Result "0-1"]
[WhiteElo "2407"]
[BlackElo "2185"]
[TimeControl "180+1"]
[EndTime "10:33:18 PST"]
[Termination "Nachsueb won on time"]

1. e4 e6 2. Nf3 d5 3. e5 c5 4.
b4 b6 5. a3 Ne7 6. c3 Ng6 7. d4 Be7 8. Bd3 Ba6 9. b5 Bb7 10. O-O O-O 11. Be3 Nd7 12. a4 a5 13.
Na3 Rc8 14. Nc2 Qe8 15. g3 f6 16. exf6 Bxf6 17. h4 e5 18. Bf5 e4 19. Nh2 c4 20.
Qg4 Rc7 21. h5 Ne7 22. Be6+ Kh8 23. h6 g6 24. Bg5 Bc8 25. Ne3 Bxg5 26. Qxg5 Nf6 27.
Bxc8 Qxc8 28. Nhg4 Nxg4 29. Nxg4 Rf5 30. Qh4 Ng8 31.
Ne5 Rh5 32. Qf4 Qh3 33. Nf7+ Rxf7 0-1

[Event "*** Titled Tuesday Blitz"]
[Site "Chess.com"]
[Date "2020.11.24"]
[Round "2"]
[White "AryanTari"]
[Black "biostatistician"]
[Result "1-0"]
[WhiteElo "2903"]
[BlackElo "2543"]
[TimeControl "180+1"]
[EndTime "10:33:20 PST"]
[Termination "AryanTari won on time"]

1. d4 Nf6 2. c4 g6 3. Nc3 Bg7 4. e4 d6 5. Nf3 O-O 6. Be2 e5 7.
Be3 Ng4 8. Bg5 f6 9. Bh4 Nc6 10. d5 Ne7 11. Nd2 Nh6 12. O-O g5 13. Bg3 f5 14. exf5 Nhxf5 15. Nde4 Ng6 16. c5 Nf4 17. Bf3 Bd7 18. Bg4 Qe7 19. b4 Kh8 20. Re1 a5 21. cxd6 cxd6 22. bxa5 Rxa5 23. a4 Raa8 24. Rb1 Be8 25.
Nb5 Ra6 26. Rc1 Qf7 27. Bxf5 Qxf5 28. Nexd6 Qg6 29. Nxe8 Rxe8 30. Nc7 Ra5 31. Nxe8 Qxe8 32. d6 Rd5 33. Qb3 Rxd6 34. Qxb7 Rd8 35. Bxf4 gxf4 36. Rc7 Qg6 37. Rc8 Qe8 38. Rxd8 Qxd8 39. a5 1-0

[Event "*** Titled Tuesday Blitz"]
[Site "Chess.com"]
[Date "2020.11.24"]
[Round "2"]
[White "BlixLT"]
[Black "denispopov"]
[Result "1-0"]
[WhiteElo "2363"]
[BlackElo "1831"]
[TimeControl "180+1"]
[EndTime "10:33:20 PST"]
[Termination "BlixLT won on time"]

1. Nf3 Nf6 2. c4 g6 3. b3 Bg7 4. Bb2 O-O 5. g3 c6 6. Bg2 d5 7. O-O b6 8. Qc2 Bb7 9. d3 dxc4 10. bxc4 c5 11. Nc3 Nc6 12. a4 Nb4 13. Qb3 Nd7 14. a5 Nb8 15. Nb5 a6 16. Bxg7 Kxg7 17. Qb2+ Kg8 18. Nc3 bxa5 19. Ra3 N8c6 20. Rfa1 f6 21. Ne4 Qb6 22. h4 h5 23. Ned2 Rab8 24. Qc1 Kg7 25.
Nb3 e5 26. Nxa5 Nxa5 27. Rxa5 Rfc8 28. Ne1 Bxg2 29. Nxg2 Ra8 30. Ne3 Rd8 31. Nc2 Nxc2 32. Qxc2 Rdc8 33. Qa4 Rc6 34. Qa2 Kf7 35. Rb1 Qc7 36.
Qd2 Ra7 37. Qh6 f5 38. Ra2 Qd6 39. Qh7+ 1-0

[Event "*** Titled Tuesday Blitz"]
[Site "Chess.com"]
[Date "2020.11.24"]
[Round "2"]
[White "CheckThis4"]
[Black "Beca95"]
[Result "0-1"]
[WhiteElo "2558"]
[BlackElo "2926"]
[TimeControl "180+1"]
[EndTime "10:33:21 PST"]
[Termination "Beca95 won on time"]

1. d4 g6 2. e4 Bg7 3. Nc3 a6 4. Be3 b5 5. Bd3 Bb7 6. Nf3 d6 7. e5 e6 8. Qe2 Nd7 9. Bg5 Ne7 10. O-O-O Bxf3 11. Qxf3 d5 12. h4 h6 13. Bf6 Bxf6 14.
exf6 Nc8 15. Nxd5 exd5 16. Rde1+ Kf8 17. Qxd5 Nd6 18. Rh3 Nxf6 19. Qc5 Kg7 20. Rf3 Re8 21. Re5 Nd7 22. Qd5 Nxe5 23. dxe5 Nf5 24. Qe4 Qxh4 25. g4 Qg5+ 26. Kb1 Nd6 27. Qc6 Qxe5 28. a3 Rac8 29.
Qxa6 Re7 30. Qc6 Qg5 31. Qa6 Rce8 32. b3 Re1+ 33. Ka2 Qe5 34. c3 Qxc3 0-1

[Event "*** Titled Tuesday Blitz"]
[Site "Chess.com"]
[Date "2020.11.24"]
[Round "2"]
[White "HackingKid98"]
[Black "Vincent_Vega95"]
[Result "0-1"]
[WhiteElo "2350"]
[BlackElo "2809"]
[TimeControl "180+1"]
[EndTime "10:33:21 PST"]
[Termination "Vincent_Vega95 won on time"]

1. d4 Nf6 2. c4 g6 3. g3 Bg7 4.
Bg2 O-O 5. Nf3 d6 6. O-O c6 7.
Nc3 Bf5 8. Ne1 e5 9. d5 cxd5 10. Nxd5 Nxd5 11. Bxd5 Nc6 12. Be3 Qd7 13. Qd2 Bh3 14.
Bg2 Bxg2 15. Kxg2 f5 16. Nd3 Qe6 17. Rac1 b6 18. Rfd1 Rae8 19. Nb4 Nxb4 20. Qxb4 f4 21. Rxd6 Qf5 22. Bd2 fxg3 23. fxg3 Qe4+ 24. Kg1 Qxe2 25. Re1 Qf2+ 26. Kh1 e4 27. Qb3 e3 28. c5+ Kh8 29. Bc3 e2 30. Bxg7+ Kxg7 31. Qc3+ Kg8 32. Qc4+ Rf7 33.
Qc3 Qf1+ 0-1

[Event "*** Titled Tuesday Blitz"]
[Site "Chess.com"]
[Date "2020.11.24"]
[Round "2"]
[White "Sacbutt"]
[Black "juancruzarias"]
[Result "0-1"]
[WhiteElo "2305"]
[BlackElo "2550"]
[TimeControl "180+1"]
[EndTime "10:33:21 PST"]
[Termination "juancruzarias won by checkmate"]

1. d4 Nf6 2. c4 c5 3. d5 e5 4. Nc3 d6 5. e4 Nbd7 6. Bd3 Be7 7. Nge2 Nf8 8. O-O Ng6 9. g3 h5 10. f4 h4 11. f5 Nf8 12. a3 Bd7 13. Bd2 N6h7 14. g4 Bg5 15. h3 Bxd2 16. Qxd2 Qg5 17. Qxg5 Nxg5 18. Kg2 Ke7 19. b4 cxb4 20. axb4 Nfh7 21.
Rfc1 Rhc8 22. Nd1 Nf6 23. Nec3 a6 24. Ne3 b6 25. Na4 Bxa4 26. Rxa4 Nfxe4 27. Rca1 a5 28. Bxe4 Nxe4 29. Kf3 Ng5+ 30. Kg2 Rab8 31. Rb1 Kf6 32. Kh2 e4 33. bxa5 bxa5 34. Rb5 Rxb5 35.
cxb5 Rc3 36. Nc4 Rc2+ 37. Kg1 Nf3+ 38. Kf1 Rxc4 39. Rxa5 e3 40. Ke2 Ne5 41. Kxe3 Rc3+ 42. Kf4 Rxh3 43. g5+ Ke7 44. Ra7+ Kd8 45. Ra8+ Kc7 46.
Ra7+ Kb6 47. Ra6+ Kc5 48. Rc6+ Kxd5 49. Rc7 Rf3# 0-1

[Event "*** Titled Tuesday Blitz"]
[Site "Chess.com"]
[Date "2020.11.24"]
[Round "2"]
[White "Orest_Vovk"]
[Black "Nitzan_Steinberg"]
[Result "0-1"]
[WhiteElo "2525"]
[BlackElo "2856"]
[TimeControl "180+1"]
[EndTime "10:33:22 PST"]
[Termination "Nitzan_Steinberg won by resignation"]

1. h4 d5 2. h5 e5 3. h6 Nxh6 4. d4 Nf5 5. dxe5 c5 6. e4 dxe4 7. Qxd8+ Kxd8 8. Nc3 Nd4 9. Bg5+ Be7 10. Bxe7+ Kxe7 11. O-O-O Nbc6 12. Nxe4 Bf5 13. f3 Bxe4 14. fxe4 Nxe5 15.
c3 Ne6 16. Nf3 Nxf3 17. gxf3 h6 18. Bc4 Nf4 19. Bd5 Rab8 20. Kd2 b6 21. Ke3 g5 22. e5 Rbd8 23. c4 Rd7 24. Ke4 f6 25. Rde1 h5 26.
Kf5 Nxd5 27. exf6+ Kf7 28. cxd5 Rxd5+ 29. Re5 Rxe5+ 30. Kxe5 Kg6 31. f7 Rf8 32. f4 Rxf7 33.
fxg5 Rf2 34. Rb1 h4 35. a4 h3 36. b3 Kxg5 37. Rg1+ Kh4 38. Rg8 h2 39. Rh8+ Kg3 40.
Kd6 Kg2 41. Rg8+ Kf1 42. Rh8 Kg1 43. Kc6 h1=Q+ 44. Rxh1+ Kxh1 45. Kb7 Rb2 46. Kxa7 Rxb3 0-1

[Event "*** Titled Tuesday Blitz"]
[Site "Chess.com"]
[Date "2020.11.24"]
[Round "2"]
[White "Piotrek1979"]
[Black "machupichu10"]
[Result "0-1"]
[WhiteElo "2494"]
[BlackElo "2757"]
[TimeControl "180+1"]
[EndTime "10:33:23 PST"]
[Termination "machupichu10 won by resignation"]

1. e4 c6 2. d4 d5 3. exd5 cxd5 4. Bd3 Nc6 5. c3 Qc7 6. h3 Nf6 7. Nf3 g6 8. O-O Bg7 9. Re1 O-O 10. Bg5 Bf5 11.
Na3 Bxd3 12. Qxd3 Ne4 13. Nb5 Qb6 14. Bf4 a6 15. Nc7 Rad8 16. Nxd5 Nxf2 17. Qc4 Qxb2 18.
Rab1 Qc2 19. Ne3 Qe4 20. Bc7 Nxh3+ 21. Kh2 Rc8 22. Nd5 Qg4 23. Nxe7+ Nxe7 24. Rxe7 Nf4 25. Qf1 Bf6 26. Ne5 Qh4+ 27. Kg1 Bxe7 28. Nf3 Qg4 29.
Rxb7 Nd5 30. Ne5 Qe6 31. Ba5 Bf6 32. Nd3 Qe3+ 33. Kh1 Qh6+ 34. Kg1 Bg5 35. g3 Be3+ 36. Kg2 Bxd4 37. Nf4 Ne3+ 0-1

[Event "*** Titled Tuesday Blitz"]
[Site "Chess.com"]
[Date "2020.11.24"]
[Round "2"]
[White "anon102030"]
[Black "yourstrulyme"]
[Result "1-0"]
[WhiteElo "2723"]
[BlackElo "2476"]
[TimeControl "180+1"]
[EndTime "10:33:23 PST"]
[Termination "anon102030 won by resignation"]

1. e4 c6 2. d3 d5 3. Nd2 e5 4. Ngf3 Bd6 5. g3 Nf6 6. Bg2 h6 7. O-O O-O 8. b3 Be6 9. Bb2 Nbd7 10. exd5 cxd5 11. Re1 Qc7 12. c4 d4 13. Ne4 Nxe4 14.
Rxe4 Nc5 15. Re2 Bf5 16. Ne1 a5 17. a3 Rfe8 18. b4 Nd7 19. c5 Bf8 20. Qb3 axb4 21.
axb4 Rxa1 22. Bxa1 Ra8 23. Bb2 Be6 24. Bd5 Bxd5 25.
Qxd5 Qc6 26. Qc4 b5 27. Qb3 Ra4 28. f4 exf4 29. gxf4 Qg6+ 30. Ng2 Nf6 31. Bxd4 Nd5 32. Qxd5 Qxd3 33. Re8 Ra1+ 34. Ne1 Kh7 35. Qe4+ Qxe4 36. Rxe4 Rb1 37. Bf2 f5 38. Re5 Be7 1-0